 Dungeon Sprint DCSS version 0.21.0-25-ge575cb9ce8 (webtiles) character file.

786 Kepler the Basher (level 7, -4/126 HPs)
             Began as an Ogre Berserker on Jan 26, 2018.
             Was a High Priest of Trog.
             Slain by a wyvern (8 damage)
             ... in the Dungeon (Sprint IX: "|||||||||||||||||||||||||||||").
             The game lasted 00:00:55 (520 turns).

Kepler the Basher (Ogre Berserker)                   Turns: 520, Time: 00:00:55

Health: -4/126     AC: 10    Str: 32    XL:     7   Next: 87%
Magic:  7/7        EV: 14    Int:  8    God:    Trog [*****.]
Gold:   0          SH:  0    Dex:  8    Spells: 6/6 levels left

rFire    . . .     SeeInvis .   m - +2 dire flail (protect)
rCold    . . .     Gourm    .   (shield currently unavailable)
rNeg     . . .     Faith    .   b - +0 animal skin
rPois    .         Spirit   .   (helmet restricted)
rElec    .         Reflect  .   (no cloak)
rCorr    .         Harm     .   (gloves unavailable)
MR       .....     NoTele   +   (boots unavailable)
Stlth    ..........             (no amulet)
HPRegen  0.31/turn              p - +2 ring of evasion
MPRegen  0.10/turn              o - +3 ring of strength

@: berserking (expiring), protection aura, very quick
A: large, unfitting armour, tough skin 1
a: Berserk, Trog's Hand, Brothers in Arms, Burn Spellbooks, Renounce Religion


You were in the Dungeon.
You worshipped Trog.
Trog was extremely pleased with you.
You were very hungry.

You visited 1 branch

Inventory:

Hand Weapons
 a - a +0 mace
 m - a +2 dire flail of protection (weapon)
Armour
 b - a +0 animal skin (worn)
 n - a +0 cloak
Jewellery
 o - a +3 ring of strength (right hand)
 p - a +2 ring of evasion (left hand)
Wands
 l - a wand of iceblast (10)
Scrolls
 i - 2 scrolls of blinking
 k - 3 scrolls of remove curse
Potions
 d - 5 potions of curing
 e - 3 potions of heal wounds
 f - a potion of haste
 g - 4 potions of magic
 h - a potion of berserk rage
 j - a potion of invisibility
Comestibles
 c - a ration


   Skills:
 + Level 9.9 Fighting
 * Level 11.6 Maces & Flails
 * Level 6.2 Throwing
 + Level 6.1 Dodging


You had 6 spell levels left.
You didn't know any spells.

Dungeon Overview and Level Annotations

Branches:
Dungeon (1/1)

Altars:
Cheibriados
Dithmenos
Elyvilon
Fedhas
Gozag
Hepliaklqana
Kikubaaqudgha
Makhleb
Nemelex Xobeh
Okawaru
Qazlal
Ru
Sif Muna
Trog
Uskayaw
Vehumet
Wu Jian
Xom
Yredelemnul
Zin
The Shining One
Beogh
Jiyva
Lugonu


Innate Abilities, Weirdness & Mutations

You are too large for most types of armour.
You have tough skin. (AC +1)


Message History

You puncture the wyvern!
The wyvern is almost dead.
The wyvern closely misses you.
You closely miss the wyvern.
The wyvern is almost dead.
The wyvern bites you!
* * * LOW HITPOINT WARNING * * *
Unknown command.
You bludgeon the wyvern!!
You kill the wyvern!
Trog accepts your kill.
Your Throwing skill increases to level 6!
Your Dodging skill increases to level 6!
You impale the wyvern!!
The wyvern is almost dead.
The wyvern barely misses you.
You barely miss the wyvern.
The wyvern is almost dead.
The wyvern bites you!
You die...

▓.▓
▓.▓
▓9▓
▓H▓
▓.▓
▓Y▓
▓l▓
▓@▓
▓.▓
▓.▓
▓.▓
▓.▓
▓[▓
▓'▓
▓.▓
▓.▓


You could see a hippogriff, a yak, a wyvern and a gargoyle.

Vanquished Creatures
  An unseen horror (D)
  A wyvern (D)
  A killer bee (D)
  A hound (D)
  A worker ant (D)
  An adder (D)
  An ooze (D)
  2 adder zombies (D)
  3 orcs (D)
  2 goblins (D)
  A hobgoblin (D)
  A kobold (D)
  A frilled lizard (D)
  A giant cockroach zombie (D)
18 creatures vanquished.

Notes
Turn   | Place    | Note
-------+----------+-------------------------------------------
     0 | D        | Kepler the Ogre Berserker began the quest for the Orb.
     0 | D        | Reached XP level 1. HP: 24/24 MP: 1/1
     5 | D        | Banished a spatial maelstrom
     9 | D        | Reached skill level 3 in Maces & Flails
    13 | D        | Reached ** piety under Trog
    15 | D        | Reached skill level 1 in Throwing
    78 | D        | Noticed a worker ant
    81 | D        | Reached XP level 2. HP: 33/33 MP: 2/2
    85 | D        | Reached *** piety under Trog
    85 | D        | Reached skill level 5 in Fighting
    85 | D        | Reached skill level 4 in Maces & Flails
    90 | D        | Reached skill level 5 in Maces & Flails
    90 | D        | Reached XP level 3. HP: 42/42 MP: 3/3
   192 | D        | Found a roughly hewn altar of Beogh.
   192 | D        | Found a snail-covered altar of Cheibriados.
   192 | D        | Found a shadowy altar of Dithmenos.
   192 | D        | Found a white marble altar of Elyvilon.
   192 | D        | Found a blossoming altar of Fedhas.
   192 | D        | Found an opulent altar of Gozag.
   193 | D        | Found a hazy altar of Hepliaklqana.
   194 | D        | Found a viscous altar of Jiyva.
   195 | D        | Found an ancient bone altar of Kikubaaqudgha.
   196 | D        | Found a corrupted altar of Lugonu.
   197 | D        | Found a burning altar of Makhleb.
   198 | D        | Found a sparkling altar of Nemelex Xobeh.
   199 | D        | Found an iron altar of Okawaru.
   200 | D        | Found a stormy altar of Qazlal.
   201 | D        | Found a sacrificial altar of Ru.
   202 | D        | Found a deep blue altar of Sif Muna.
   203 | D        | Found a bloodstained altar of Trog.
   204 | D        | Found a hide-covered altar of Uskayaw.
   205 | D        | Found a radiant altar of Vehumet.
   206 | D        | Found an ornate altar of the Wu Jian Council.
   207 | D        | Found a shimmering altar of Xom.
   208 | D        | Found a basalt altar of Yredelemnul.
   209 | D        | Found a glowing silver altar of Zin.
   210 | D        | Found a glowing golden altar of the Shining One.
   241 | D        | Noticed a killer bee
   244 | D        | Reached **** piety under Trog
   247 | D        | Killed a killer bee
   247 | D        | Reached skill level 6 in Maces & Flails
   247 | D        | Reached XP level 4. HP: 53/53 MP: 4/4
   257 | D        | Reached skill level 7 in Maces & Flails
   257 | D        | Reached XP level 5. HP: 61/61 MP: 5/5
   501 | D        | Noticed a gargoyle
   501 | D        | Noticed a hippogriff
   501 | D        | Noticed a yak
   501 | D        | Noticed a wyvern
   501 | D        | Noticed a wyvern
   514 | D        | Killed an unseen horror
   514 | D        | Reached ***** piety under Trog
   514 | D        | Reached skill level 11 in Maces & Flails
   514 | D        | Reached skill level 5 in Throwing
   514 | D        | Reached skill level 5 in Dodging
   514 | D        | Reached XP level 6. HP: 11/76 MP: 6/6
   514 | D        | Reached XP level 7. HP: 12/83 MP: 7/7
   517 | D        | HP: 4/124 [wyvern (7)]
   518 | D        | Killed a wyvern
   520 | D        | Slain by a wyvern

Skill      XL: |  1  2  3  4  5  6  7 |
---------------+----------------------+-----
Maces & Flails | 3 5 6 7 11 | 11.6
Throwing       | 1 2 3 5 6 |  6.2
Dodging        | 3 4 5 6 |  6.1
Fighting       | 5 6 9 |  9.9

Action                   |  1- 3 |  4- 6 |  7- 9 || total
-------------------------+-------+-------+-------++-------
Melee: Mace              |    28 |       |       ||    28
       Dire flail        |     3 |    21 |     6 ||    30
Invok: Berserk           |     3 |     1 |       ||     4
  Eat: Chunk             |       |     1 |       ||     1
Armor: Animal skin       |     5 |     5 |       ||    10
Dodge: Dodged            |    14 |     5 |     2 ||    21
